 Dungeon Crawl Stone Soup version 0.29-a0-40-g8eb35efe60 (webtiles) character file.

Game seed: 14928501580089626172

21 HallandMoats the Skirmisher (level 2, -2/26 HPs)
             Began as a Ghoul Monk on Feb 2, 2022.
             Slain by a gnoll (3 damage)
             ... on level 1 of the Dungeon.
             The game lasted 00:02:15 (698 turns).

HallandMoats the Skirmisher (Ghoul Monk)             Turns: 698, Time: 00:02:16

Health: -2/26      AC:  2    Str: 14    XL:     2   Next: 87%
Magic:  1/1        EV: 12    Int:  5    God:
Gold:   23         SH:  0    Dex: 11    Spells: 1/1 levels left

rFire   . . .      SeeInvis .     - Unarmed
rCold   + . .      Faith    .   (no shield)
rNeg    + + +      Spirit   .   a - +0 robe
rPois   ∞          Reflect  .   (no helmet)
rElec   .          Harm     .   (no cloak)
rCorr   .          Rampage  .   (no gloves)
Will    .....                   (no boots)
Stlth   ++........              (no amulet)
HPRegen 0.00/turn               (no ring)
MPRegen 0.07/turn               (no ring)

@: inhibited regen
A: claws 1, cold resistance 1, negative energy resistance 3, inhibited
regeneration, torment resistance 2
a: no special abilities


You were on level 1 of the Dungeon.
You visited 1 branch of the dungeon, and saw 1 of its levels.

You collected 23 gold pieces.

Inventory:

Armour
 a - a +0 robe (worn)
Jewellery
 b - a ring of resist corrosion
Scrolls
 c - a scroll of teleportation {unknown}
 d - a scroll of vulnerability {unknown}
 e - a scroll of noise {unknown}


   Skills:
 * Level 3.6 Fighting
 + Level 0.4 Armour
 + Level 2.8 Dodging
 - Level 2.1 Stealth
 * Level 3.6 Unarmed Combat
 + Level 0.8 Invocations


You had one spell level left.
You didn't know any spells.
Your spell library was empty.

Dungeon Overview and Level Annotations

Branches:
Dungeon (1/15)

Altars:


Innate Abilities, Weirdness & Mutations

You thrive by killing the living.
You are immune to poison.
You have sharp fingernails.
Your flesh is cold resistant. (rC+)
You are immune to negative energy. (rN+++)
You do not regenerate when monsters are visible.
You are immune to unholy pain and torment.


Message History

The jackal barely misses you. The hobgoblin hits you.
* * * LOW HITPOINT WARNING * * *
You claw the jackal!
You kill the jackal!
You feel better. The hobgoblin misses you.
You claw the hobgoblin!
You kill the hobgoblin!
You feel better.
You swing at nothing.
You start resting.
HP restored.
You now have 23 gold pieces (gained 14).
A gnoll comes into view. It is wielding a +0 spear.
Found 24 stones.
A gnoll is nearby!
A gnoll is nearby!
A gnoll is nearby!
A gnoll is nearby!
A gnoll is nearby!
A jackal comes into view.
The gnoll shouts!
You hear a shout!
A kobold comes into view. It is wielding a +0 short sword.
A rat comes into view.
Found a scroll labelled ONWAXK VIZ BUMARE.
A jackal comes into view.
A rat comes into view.
The jackal bites you.
The jackal bites you but does no damage.
The jackal bites you. The gnoll barely misses you.
The jackal closely misses you. The gnoll hits you with a +0 spear!
The gnoll barely misses you. The jackal closely misses you.
The jackal closely misses you. The jackal bites you.
The gnoll hits you from afar with a +0 spear.
* * * LOW HITPOINT WARNING * * *
The kobold barely misses you. The jackal closely misses you.
The gnoll hits you from afar with a +0 spear.
* * * LOW HITPOINT WARNING * * *
The gnoll hits you from afar with a +0 spear.
You die...

..................≈≈≈≈≈≈≈≈≈≈≈≈≈≈≈
....).....>.......≈≈≈≈≈≈≈≈≈≈≈≈≈≈≈
..................≈≈≈≈≈≈≈≈≈≈≈≈≈≈≈
.................(.≈≈≈≈≈≈≈≈≈≈≈≈≈≈
...................≈≈≈≈≈≈≈≈≈≈≈≈≈≈
..#####............≈≈≈≈#####≈≈≈≈≈
.. #.......g....≈≈≈##...##≈≈≈≈
##.##..##Kh.≈≈≈≈#.....#..≈≈
#.###.##.@.≈≈≈≈#.><..'.... #.#
#g##...≈≈≈≈#.....#.... #.#
#.#....≈≈≈≈##...##≈... ..#
#......≈≈≈≈≈#####≈≈≈.. ###
#.......≈≈≈≈≈≈≈≈≈≈≈≈≈≈
#.......≈≈≈≈≈≈≈≈≈≈≈≈≈≈
#.....r.r≈≈≈≈≈≈≈≈≈≈≈≈≈≈
#.#......≈≈≈≈≈≈≈≈≈≈≈≈≈.
......?...≈≈≈≈≈≈≈≈≈≈≈##


You could see a gnoll, a jackal, a kobold and 2 rats.

Vanquished Creatures
  3 endoplasms (D:1)
  A giant cockroach (D:1)
  3 hobgoblins (D:1)
  2 jackals (D:1)
  2 quokkas (D:1)
  3 ball pythons (D:1)
  2 bats (D:1)
  A rat (D:1)
17 creatures vanquished.

Notes
Turn   | Place    | Note
-------+----------+-------------------------------------------
     0 | D:1      | HallandMoats the Ghoul Monk began the quest for the Orb.
     0 | D:1      | Reached XP level 1. HP: 19/19 MP: 0/0
   255 | D:1      | Reached XP level 2. HP: 26/26 MP: 1/1
   697 | D:1      | HP: 1/26 [gnoll (5)]
   698 | D:1      | Slain by a gnoll

Illustrated notes

Levels and vault maps discovered:
D:1:      minmay_arrival_shoal_huts, layout_rooms, basic_ecumenical_altar

Action                   || total
-------------------------++-------
Melee: Unarmed           ||    53
       Punch             ||     1
 Stab: Sleeping          ||     1
Armor: Robe              ||    16
Dodge: Dodged            ||    51

Table legend: (Time is in decaauts)
 A = Elapsed time spent in this place.
 B = Non-inter-level travel time spent in this place.
 C = Inter-level travel time spent in this place.
 D = Time resting spent in this place.
 E = Time spent auto-exploring this place.
 F = Levels seen in this place.
 G = Mean time per level.
                   A        B        C        D        E       F      G
               +--------+--------+--------+--------+--------+-----+--------+
         Total |    699 |    699 |      0 |    376 |    174 |   1 |  699.0 |
       Dungeon |    699 |    699 |      0 |    376 |    174 |   1 |  699.0 |
               +--------+--------+--------+--------+--------+-----+--------+

Top non-repeatable levels by time:
     D:1: 699 daAuts
